 Dungeon Crawl Stone Soup version 0.31-a0-700-gf13585253f (webtiles) character file.

Game seed: 15258623420320954895

264 qw the Shooter (level 6, -2/37 HPs)
             Began as a Gargoyle Hunter on Sept 7, 2023.
             Was an Initiate of Okawaru.
             Slain by Pikel
             ... wielding a +0 whip of freezing
              (8 damage)
             ... on level 4 of the Dungeon.
             The game lasted 00:01:09 (2552 turns).

qw the Shooter (Gargoyle Hunter)                    Turns: 2552, Time: 00:01:10

Health: -2/37      AC:  7    Str: 15    XL:     6   Next: 19%
Magic:  6/6        EV: 10    Int:  9    God:    Okawaru [......]
Gold:   139        SH:  0    Dex: 21    Spells: 5/5 levels left

rFire   + . .        Y - +0 shortbow
rCold   . . .        (shield currently unavailable)
rNeg    + . .        b - +1 robe {Will+}
rPois   inf          (no helmet)
rElec   +            (no cloak)
rCorr   .            (no gloves)
SInv    .            (no boots)
Will    +....        (no amulet)
Stlth   ++           f - ring of protection from fire
HPRegen 0.26/turn    l - +6 ring of dexterity
MPRegen 0.10/turn

%: no passive effects
@: about to teleport, grasped by roots, constricted
A: sickness immunity, AC +4, negative energy resistance 1, electricity
resistance, torment resistance 1, petrification resistance
a: Renounce Religion


You were on level 4 of the Dungeon.
You worshipped Okawaru.
Okawaru was noncommittal.
You visited 1 branch of the dungeon, and saw 4 of its levels.

You collected 139 gold pieces.


Innate Abilities, Weirdness & Mutations

You are immune to sickness and miasma.
Your stone body is resilient. (AC +4)
You are immune to poison.
You resist negative energy. (rN+)
You are resistant to electric shocks. (rElec)
You are resistant to unholy torment.
You are immune to petrification.


   Skills:
 + Level 3.2 Fighting
 - Level 6.0 Ranged Weapons
 - Level 3.1 Dodging
 - Level 1.1 Stealth


You had 5 spell levels left.
You didn't know any spells.
Your spell library was empty.

Inventory:

Hand Weapons
 Y - a +0 shortbow (weapon)
Armour
 b - a +1 robe of willpower (worn)
 j - a +0 ring mail
Jewellery
 f - a ring of protection from fire (left hand)
 l - a +6 ring of dexterity (right hand)
Scrolls
 g - a scroll of identify
Potions
 c - a potion of brilliance {unknown}
 d - a potion of enlightenment {unknown}
 e - a potion of invisibility {unknown}
 h - a potion of degeneration {unknown}
 i - a potion of curing {unknown}
 k - a potion of heal wounds {unknown}

Dungeon Overview and Level Annotations

Branches:
Dungeon (4/15)
 Temple: D:4-7

Altars:
Hepliaklqana
Okawaru

Annotations:
D:4 Pikel


Message History

The lemure is moderately wounded.
The lemure closely misses you.
You shoot an arrow. The arrow hits the lemure!
The lemure is severely wounded.
The lemure misses you.
You shoot an arrow. The arrow barely misses the lemure.
The arrow closely misses the lemure.
The lemure barely misses you.
You shoot an arrow. The arrow hits the lemure.
The lemure is severely wounded.
The lemure closely misses you.
Pikel zaps a wand.
The roots erupt in riotous growth!
The lemure is unaffected.
Pikel is unaffected.
The lemure is unaffected.
The grasping roots grab you! The grasping roots constrict you.
You hear a shout! x2
You shoot an arrow. The arrow misses the lemure.
The arrow hits the lemure!
The lemure is heavily wounded.
A kobold comes into view. It is wielding a +0 short sword.
The lemure hits you but does no damage. The grasping roots constrict you.
The kobold moves out of view.
The grasping roots release their grip on you.
You shoot an arrow. The arrow hits Pikel.
Pikel is lightly wounded.
Pikel closely misses you.
You shoot an arrow. The arrow hits Pikel!
Pikel is moderately wounded.
Pikel zaps a wand.
The roots erupt in riotous growth!
The grasping roots grab you!
Pikel is unaffected.
The grasping roots constrict you!
You shoot an arrow. The arrow hits Pikel.
Pikel is moderately wounded.
Pikel hits you with a +0 whip of freezing.
Pikel freezes you. The grasping roots constrict you!
2552 ||| READING scroll of teleportation.
As you read the scroll of teleportation, it crumbles to dust.
You feel strangely unstable.
Pikel hits you with a +0 whip of freezing!
You die...
Pikel says, "See you in Hell!"

............###..
......=.........
.............#
.............#
##....K.....#
#.$...<....#
.........555.#
....######K#.#
... #@#.# .. #.#
# . #.# #.# #.#
#.# #.# #.#


You could see Pikel, 3 lemures and a kobold.

Vanquished Creatures
  An ice beast (D:3)
  A lemure (D:4)
  An orc priest (D:2)
  5 adders
  A gnoll (D:2)
  An ufetubus (D:3)
  A worm (D:2)
  2 dart slugs (D:3)
  8 orcs (D:2)
  7 endoplasms
  5 giant cockroaches
  5 goblins
  3 hobgoblins
  4 jackals (D:3)
  3 kobolds
  4 quokkas
  4 ball pythons
  4 bats
  7 frilled lizards
  2 rats
69 creatures vanquished.

Notes
Turn   | Place    | Note
-------+----------+-------------------------------------------
     0 | D:1      | qw the Gargoyle Hunter began the quest for the Orb.
     0 | D:1      | Reached XP level 1. HP: 12/12 MP: 1/1
     0 | D:1      | 0 ||| qw: Version: 0.3-a-76-g4403597
     0 | D:1      | 0 ||| qw: Game counter: 659
     0 | D:1      | 0 ||| qw: Melee chars always use a shield: true
     0 | D:1      | 0 ||| qw: God list: Okawaru
     0 | D:1      | 0 ||| qw: Allow faded altars: false
     0 | D:1      | 0 ||| qw: Do Orc after clearing Dungeon:15 true
     0 | D:1      | 0 ||| qw: Do second Lair branch before Depths: true
     0 | D:1      | 0 ||| qw: Lair rune preference: random
     0 | D:1      | 0 ||| qw: Goals: Normal
     0 | D:1      | 0 ||| PLANNING D:1-11
    83 | D:1      | You fall into a shaft and drop 1 floor!
    85 | D:2      | 85 ||| Stepping ~*~*~tactically~*~*~ (water).
    97 | D:2      | Reached XP level 2. HP: 14/17 MP: 2/2
   118 | D:2      | Reached skill level 5 in Ranged Weapons
   118 | D:2      | Reached XP level 3. HP: 21/21 MP: 3/3
   134 | D:2      | 134 ||| DROPPING scroll of butterflies.
   803 | D:1      | 803 ||| UPGRADING to +1 robe of willpower.
   813 | D:1      | 813 ||| DROPPING amulet of magic regeneration.
   814 | D:1      | 814 ||| UPGRADING to ring of protection from fire.
   815 | D:1      | 815 ||| READING scroll labelled VUTIB DEDAMOGI.
  1063 | D:2      | Reached skill level 3 in Fighting
  1067 | D:2      | Reached XP level 4. HP: 28/28 MP: 4/4
  1381 | D:2      | 1381 ||| DROPPING +0 leather armour.
  1382 | D:2      | 1382 ||| READING 2 scrolls labelled LEFORI LADANK.
  1386 | D:2      | 1386 ||| READING scroll labelled RADACI EGYOMO.
  1565 | D:3      | 1565 ||| STAIRDANCE
  1615 | D:2      | 1615 ||| UPGRADING to +6 ring of dexterity.
  1616 | D:2      | 1616 ||| READING scroll labelled EROACI DIANERY.
  1619 | D:3      | 1619 ||| STAIRDANCE
  1633 | D:3      | 1633 ||| STAIRDANCE
  1720 | D:3      | 1720 ||| Stepping ~*~*~tactically~*~*~ (retreating).
  1721 | D:3      | 1721 ||| Stepping ~*~*~tactically~*~*~ (retreating).
  1722 | D:3      | 1722 ||| STAIRDANCE
  1728 | D:2      | Reached skill level 6 in Ranged Weapons
  1728 | D:2      | Reached XP level 5. HP: 18/32 MP: 5/5
  1784 | D:3      | 1784 ||| STAIRDANCE
  1801 | D:3      | 1801 ||| STAIRDANCE
  1807 | D:3      | 1807 ||| STAIRDANCE
  1873 | D:3      | Found a hazy altar of Hepliaklqana.
  1987 | D:3      | Noticed an ice beast
  1997 | D:3      | Killed an ice beast
  1998 | D:3      | Reached skill level 3 in Dodging
  1998 | D:3      | Reached XP level 6. HP: 11/37 MP: 6/6
  2278 | D:3      | Found a faded altar of an unknown god.
  2322 | D:3      | Found an iron altar of Okawaru.
  2323 | D:3      | 2323 ||| PLANNING OKAWARU WORSHIP
  2328 | D:3      | Became a worshipper of Warmaster Okawaru
  2329 | D:3      | 2329 ||| PLANNING D:1-11
  2522 | D:4      | 2522 ||| PLANNING OSSUARY
  2534 | D:4      | Noticed Pikel
  2536 | D:4      | 2536 ||| Stepping ~*~*~tactically~*~*~ (retreating).
  2537 | D:4      | 2537 ||| Stepping ~*~*~tactically~*~*~ (retreating).
  2538 | D:4      | 2538 ||| Stepping ~*~*~tactically~*~*~ (retreating).
  2539 | D:4      | 2539 ||| Stepping ~*~*~tactically~*~*~ (retreating).
  2540 | D:4      | 2540 ||| Stepping ~*~*~tactically~*~*~ (retreating).
  2541 | D:4      | 2541 ||| Stepping ~*~*~tactically~*~*~ (retreating).
  2551 | D:4      | HP: 6/37 [constriction (9)]
  2552 | D:4      | 2552 ||| READING scroll of teleportation.
  2552 | D:4      | Slain by Pikel

Levels and vault maps discovered:
D:1:      ncdulo_halloftheorcs, layout_loops_cross,
          nicolae_concentric_dashed_squares_mild
D:2:      layout_loops_ring, st_stairs_3, fountainhead, roderic_malta_cross
D:3:      layout_loops_ring, mainiacjoe_overflow_catch_the_wave,
          chequers_ecumenical_altar_simple_redux
D:4:      layout_basic, nicolae_ru_the_path_less_chosen, amcnicky_altar_gilded,
          minmay_temple_entry_proselytizer, nicolae_ossuary_entry_monument,
          uniq_pikel

Skill      XL: |  1  2  3  4  5 |
---------------+----------------+-----
Ranged Weapons | 5 6 |  6.0
Fighting       | 3 |  3.2
Dodging        | 3 |  3.1
Stealth        | |  1.1

Action                     |  1- 3 |  4- 6 || total
---------------------------+-------+-------++-------
   Fire: Shortbow          |    97 |   185 ||   282
    Use: Scroll            |     1 |     4 ||     5
 Armour: Leather armour    |    38 |       ||    38
         Robe              |     2 |    62 ||    64
  Dodge: Dodged            |    31 |    79 ||   110

Table legend:
 A = Non-vault XP
 B = Vault XP
 C = Vault XP percentage of total XP
 D = Non-vault monster count
 E = Vault monster count
 F = Vault count percentage of total count
                 A         B        C        D         E       F
            +---------+---------+-------+---------+---------+-------
      Total |     363 |      15 |   4.0 |      66 |       2 |   2.9
            +---------+---------+-------+---------+---------+-------
        D:1 |      21 |       0 |   0.0 |      14 |       0 |   0.0
        D:2 |     133 |      15 |  10.1 |      26 |       2 |   7.1
        D:3 |     207 |       0 |   0.0 |      25 |       0 |   0.0
        D:4 |       2 |       0 |   0.0 |       1 |       0 |   0.0
            +---------+---------+-------+---------+---------+-------
